 Dungeon Crawl Stone Soup version 0.17-a0-1582-ge6b0260 (webtiles) character file.

79 Eleanoora the Chopper (level 4, -1/23 HPs)
             Began as a Vine Stalker Fighter on July 27, 2015.
             Was an Initiate of the Shining One.
             Splashed by a jelly's acid (4 damage)
             ... on level 3 of the Dungeon.
             The game lasted 00:03:10 (1982 turns).

Eleanoora the Chopper (Vine Stalker Fighter)        Turns: 1982, Time: 00:03:10

Health: -1/23      AC: -7    Str: 18    XL:     4   Next: 38%
Magic:  0/5        EV:  6    Int:  8    God:    the Shining One [......]
Gold:   117        SH:  9    Dex: 15    Spells: 0 memorised, 3 levels left

rFire  . . .     SeeInvis .     a - +0 war axe
rCold  . . .     Clarity  .     b - +0 scale mail
rNeg   . . .     SustAt   .     c - +0 shield
rPois  .         Gourm    .     (no helmet)
rElec  .         Spirit   +     o - +1 cloak
rCorr  .         Warding  .     (no gloves)
rMut   .         Stasis   +     (no boots)
MR     .....                    k - amulet of stasis
Stlth  ..........               (no ring)
                                m - ring of wizardry

@: lethally poisoned (-1 -> -1), corroded equipment, drained, not resistant to
hostile enchantments, extremely unstealthy
A: fangs 2, regeneration 1, magic shield, antimagic bite, no device heal 3, rot
immunity
a: Renounce Religion


You were on level 3 of the Dungeon.
You worshipped the Shining One.
The Shining One was noncommittal.
You were not hungry.

You visited 1 branch of the dungeon, and saw 3 of its levels.

You collected 117 gold pieces.


Innate Abilities, Weirdness & Mutations

You have extremely sharp teeth.
Your natural rate of healing is unusually fast.
When hurt, damage is shared between your health and your magic reserves.
Your bite disrupts and absorbs the magic of your enemies.
Potions and wands cannot restore your health.
You are immune to rotting.


   Skills:
 - Level 2.6(2.2) Fighting
 + Level 4.0(3.6) Axes
 - Level 2.4(2.0) Armour
 - Level 2.6(2.2) Shields


You had 3 spell levels left.
You didn't know any spells.

Inventory:

Hand weapons
 a - a +0 war axe (weapon)
 w - a +0 antimagic hand axe
Missiles
 f - 11 poisoned needles
 v - 16 stones (quivered)
 x - 4 tomahawks
Armour
 b - a +0 scale mail (worn)
 c - a +0 shield (worn)
 o - a +1 cloak (worn)
Jewellery
 k - an amulet of stasis (around neck)
 m - a ring of wizardry (left hand)
Magical devices
 y - a wand of lightning (8)
Scrolls
 i - 3 scrolls of identify {unknown}
 j - a scroll of recharging {unknown}
 n - a scroll of fog {unknown}
 q - a scroll of immolation {unknown}
 r - a scroll of fear {unknown}
 s - 2 scrolls of enchant armour {unknown}
Potions
 d - 2 potions of might
 h - a potion of degeneration {unknown}
 l - a potion of lignification {unknown}
 p - a potion of cancellation {unknown}
 t - a potion of berserk rage {unknown}
 u - a potion of mutation {unknown}
Comestibles
 e - 3 bread rations
 g - a beef jerky
 z - a chunk of flesh

Dungeon Overview and Level Annotations

Branches:
Dungeon (3/15)

Altars:
Dithmenos
Sif Muna
Trog
Vehumet
Xom
The Shining One


Message History

e - 3 bread rations (gained 1)
You see here a whip.
You see here a whip.
A jelly comes into view.
The jelly quivers. 2 goblins, 2 hobgoblins and a kobold come into view.
The goblin shouts! x2
The hobgoblin shouts! x2
The kobold wields a blowgun.
The kobold shoots a poisoned needle.
The poisoned needle hits you!
You are poisoned.
The jelly hits you but does no damage. 2 goblins come into view.
You see here a poisoned needle.
You feel sick.
You feel sick.
You feel sick.
You feel sick.
You feel sick.
You see here a whip.
You feel sick.
You hit the jelly.
Your hands burn!
You bite the jelly, but do no damage.
The jelly is moderately wounded.
You block the jelly's attack. The jelly barely misses you.
You hit the jelly but do no damage. The acid corrodes you!
Your hands burn!
You bite the jelly. You drain its power.
You feel invigorated.
The jelly is heavily wounded.
The jelly hits you.
You are splashed with acid!
The acid corrodes you!
The acid burns!
You hit the jelly. The acid corrodes you!
Your hands burn!
You bite the jelly. You drain its power.
You feel invigorated.
The jelly is severely wounded.
You feel sick. The jelly hits you.
You are splashed with acid!
The acid corrodes you!
The acid burns!
You die...

#.......#####.##########.....#
#...÷...#####.##########)....#
#......................##.....
####+#.##########.........#'#.
#.#.#######....#####.#.#.#.
#.................##...#.#.
###.###....[......###..#.#. #.#
#..###......##...#.#. #.#
####@##.....##...#.#. #.#
##J#.....##.....#. #.#
####.###'##........[.
#######'###.#)##...##..........
#......).....########.........÷
#...........## #........<.
#...........# #..........
#...........# #..........
#...........# #..........


You could see a jelly.

Action                   |  1- 3 |  4- 6 || total
-------------------------+-------+-------++-------
Melee: War axe           |   116 |    45 ||   161
  Eat: Chunk             |     2 |     2 ||     4

Notes
Turn   | Place    | Note
--------------------------------------------------------------
     0 | D:1      | Eleanoora the Vine Stalker Fighter began the quest for the Orb.
     0 | D:1      | Reached XP level 1. HP: 11/11 MP: 2/2
    16 | D:1      | Reached skill level 2 in Axes
    85 | D:1      | Reached XP level 2. HP: 16/16 MP: 3/3
   344 | D:1      | Reached skill level 3 in Axes
   399 | D:1      | Reached XP level 3. HP: 19/19 MP: 4/4
  1009 | D:2      | Found a glowing golden altar of the Shining One.
  1017 | D:2      | Became a worshipper of the Shining One
  1066 | D:2      | Found a radiant altar of Vehumet.
  1498 | D:3      | Found a shimmering altar of Xom.
  1499 | D:3      | Found a deep blue altar of Sif Muna.
  1500 | D:3      | Found a bloodstained altar of Trog.
  1500 | D:3      | Found a shadowy altar of Dithmenos.
  1560 | D:3      | Reached XP level 4. HP: 23/23 MP: 5/5
  1756 | D:3      | Reached skill level 4 in Axes
  1982 | D:3      | Splashed by a jelly's acid

Vault maps used:
D:1:      dpeg_arrival_round_a
D:2:      fiery_altar_vehumet, lemuel_crystal_altar, first_bread
D:3:      grunt_temple_overflow_open, grunt_ministairs_3, amethyst_killhole,
          uniq_robin

Vanquished Creatures
  An adder
  A worm
  2 giant geckos
  5 orcs
  3 giant cockroaches
  5 goblins
  5 hobgoblins
  4 jackals
  3 quokkas
  12 bats
  A giant newt
  5 kobolds
  9 rats
56 creatures vanquished.
